 Dungeon Crawl Stone Soup version 0.27-a0-1206-g6342a01c75 (webtiles) character file.

Game seed: 417150732837600103

50 Essalna the Digger (level 3, 0/19 HPs)
             Began as a Gargoyle Earth Elementalist on June 5, 2021.
             Slain by a rat (3 damage)
             ... on level 2 of the Dungeon.
             The game lasted 00:02:07 (1257 turns).

Essalna the Digger (Gargoyle Earth Elementalist)    Turns: 1257, Time: 00:02:08

Health: 0/19       AC:  5    Str: 11    XL:     3   Next: 79%
Magic:  0/7        EV: 11    Int: 16    God:
Gold:   80         SH:  0    Dex: 10    Spells: 7/8 levels left

rFire    . . .     SeeInvis .   e - +0 whip
rCold    . . .     Faith    .   (no shield)
rNeg     + . .     Spirit   .   c - +0 robe
rPois    ∞         Reflect  .   (no helmet)
rElec    +         Harm     .   (no cloak)
rCorr    .         Rampage  .   (no gloves)
Will     .....                  (no boots)
Stlth    ++........             (no amulet)
HPRegen  0.06/turn              (no ring)
MPRegen  0.10/turn              (no ring)

@: no status effects
A: sickness immunity, AC +3, negative energy resistance 1, electricity
resistance, torment resistance 1, petrification resistance
a: no special abilities


You were on level 2 of the Dungeon.
You visited 1 branch of the dungeon, and saw 2 of its levels.

You collected 80 gold pieces.

Inventory:

Hand Weapons
 e - a +0 whip (weapon)
Missiles
 b - 81 stones
Armour
 c - a +0 robe (worn)
Wands
 k - a wand of flame (14)
Scrolls
 g - a scroll of identify {unknown}
 h - a scroll of teleportation {unknown}
 i - a scroll of vulnerability {unknown}
 j - a scroll of noise {unknown}
Potions
 a - a potion of lignification {unknown}
 d - a potion of ambrosia {unknown}
 f - a potion of flight {unknown}


   Skills:
 - Level 1.5 Dodging
 - Level 2.1 Stealth
 + Level 3.0 Spellcasting
 - Level 0.7 Transmutations
 + Level 4.7 Earth Magic


You had 7 spell levels left.
You knew the following spells:

 Your Spells              Type           Power      Damage    Failure   Level
a - Sandblast             Erth           34%        2d9       2%          1

Your spell library contained the following spells:

 Spells                   Type           Power      Damage    Failure   Level
 Passwall                 Tmut/Erth      9%         N/A       10%         2
 Stone Arrow              Conj/Erth      18%        3d8       22%         3
 Petrify                  Tmut/Erth      11%        N/A       52%         4
 Lee's Rapid Deconstruct  Erth           8%         3d8*      58%         5


Dungeon Overview and Level Annotations

Branches:
Dungeon (2/15)

Altars:


Innate Abilities, Weirdness & Mutations

You are immune to sickness and miasma.
Your stone body is resilient. (AC +3)
You are immune to poison.
You resist negative energy. (rN+)
You are resistant to electric shocks. (rElec)
You are resistant to unholy torment.
You are immune to petrification.


Message History

Confirm with . or Enter, or press ? or * to list all spells.
Aiming: Sandblast (safe; 3% risk of failure)
Press: ? - help, Shift-Dir - straight line, f - adder
Aim: an adder (66% to hit)
The blast of sand hits the adder!
The adder is severely wounded.
The ball python hisses angrily.
The jackal closely misses you. The rat bites you but does no damage.
The adder bites you. The jackal misses you.
Your magical contamination has completely faded away.
Casting: Sandblast (safe; 3% risk of failure)
Confirm with . or Enter, or press ? or * to list all spells.
You don't have enough magic to cast this spell.
Unknown command.
You barely miss the adder.
The adder is severely wounded.
The rat bites you. The adder bites you.
* * * LOW HITPOINT WARNING * * *
The jackal closely misses you.
Casting: Sandblast (safe; 3% risk of failure)
Confirm with . or Enter, or press ? or * to list all spells.
Aiming: Sandblast (safe; 3% risk of failure)
Press: ? - help, Shift-Dir - straight line, f/p - adder
Aim: an adder (severely wounded, 66% to hit)
The blast of sand hits the adder.
You kill the adder!
The rat barely misses you. The ball python barely misses you.
The ball python grabs you. The ball python constricts you.
Your Spellcasting skill increases to level 3!
You escape the ball python's grasp.
The jackal misses you.
The ball python bites you but does no damage.
The ball python grabs you. The ball python constricts you.
The jackal barely misses you.
You escape the ball python's grasp.
The jackal pauses to sniff the ground.
The ball python bites you but does no damage.
The ball python closely misses you.
A worm comes into view.
The rat bites you.
You die...

.#..#<##
#.!..†h## .#
.#.....#
#..###.†##..#...
.#..#.##
#....#g.........
....#.###.#
#.#.#h.####.#.#
....#.....#
#...h..#
##....#####
###h##.#
.......# #S##.#
######(#
#######r##.#
....#
..........@...#
###.#
##########.####
#†########## #.#
#.##..†....# #.#
#....#####.###.#
#########...##.#
.......#.†..#
.#####...####
##.########.


You could see 2 jackals, a ball python and a rat.

Vanquished Creatures
  2 adders (D:2)
  A dart slug (D:1)
  5 endoplasms
  A giant cockroach (D:1)
  4 hobgoblins
  2 quokkas (D:1)
  2 ball pythons
  2 bats (D:1)
  3 frilled lizards (D:1)
  A goblin (D:1)
  2 kobolds
  5 rats
30 creatures vanquished.

Notes
Turn   | Place    | Note
-------+----------+-------------------------------------------
     0 | D:1      | Essalna the Gargoyle Earth Elementalist began the quest for
                  | the Orb.
     0 | D:1      | Reached XP level 1. HP: 10/10 MP: 3/3
   291 | D:1      | Reached XP level 2. HP: 15/15 MP: 3/5
   320 | D:1      | Reached skill level 4 in Earth Magic
  1035 | D:2      | Reached XP level 3. HP: 19/19 MP: 4/6
  1257 | D:2      | Slain by a rat

Illustrated notes

Levels and vault maps discovered:
D:1:      zaba_arrival_water, layout_loops_cross, chequers_jeans,
          chequers_serial_rivers_marsh
D:2:      layout_loops_ring, minmay_misc_feat_columns, minmay_pentomino_pile,
          uniq_crazy_yiuf_cottage

Skill      XL: |  1  2  3 |
---------------+----------+-----
Earth Magic    | 4 |  4.7
Spellcasting   | 3 |  3.0
Dodging        | |  1.5
Stealth        | |  2.1
Transmutations | |  0.7

Action                   || total
-------------------------++-------
Melee: Unarmed           ||     7
       Whip              ||     1
 Cast: Sandblast         ||    40
Armor: Robe              ||    14
Dodge: Dodged            ||    24

Table legend: (Time is in decaauts)
 A = Elapsed time spent in this place.
 B = Non-inter-level travel time spent in this place.
 C = Inter-level travel time spent in this place.
 D = Time resting spent in this place.
 E = Time spent auto-exploring this place.
 F = Levels seen in this place.
 G = Mean time per level.
                   A        B        C        D        E       F      G
               +--------+--------+--------+--------+--------+-----+--------+
         Total |   1267 |   1216 |     51 |      0 |   1061 |   2 |  633.5 |
       Dungeon |   1267 |   1216 |     51 |      0 |   1061 |   2 |  633.5 |
               +--------+--------+--------+--------+--------+-----+--------+

Top non-repeatable levels by time:
     D:1: 971 daAuts
     D:2: 295 daAuts
